 Dungeon Crawl Stone Soup version 0.30.1-4-g462c640d31 (webtiles) character file.

Game seed: 18142726949531777904

37 Peloso the Covered (level 3, -3/33 HPs)
             Began as a Minotaur Fighter on Aug 18, 2023.
             Slain by Terence
             ... wielding a +0 mace of protection
              (18 damage)
             ... on level 2 of the Dungeon.
             The game lasted 00:01:34 (691 turns).

Peloso the Covered (Minotaur Fighter)                Turns: 691, Time: 00:01:35

Health: -3/33      AC:  0    Str: 20    XL:     3   Next: 21%
Magic:  2/2        EV: 13    Int:  5    God:
Gold:   61         SH:  0    Dex: 11    Spells: 2/2 levels left

rFire   . . .        a - melded +0 long sword
rCold   . . .        c - melded +0 buckler
rNeg    . . .        b - melded +0 scale mail
rPois   .            (helmet currently unavailable)
rElec   .            (cloak currently unavailable)
rCorr   .            (gloves currently unavailable)
SInv    .            (boots currently unavailable)
Will    .....        (no amulet)
Stlth   +            (ring currently unavailable)
HPRegen 0.25/turn    (ring currently unavailable)
MPRegen 0.08/turn

%: no passive effects
@: pig-form (expiring), very quick
A: fast, no casting, small, (horns 2), (retaliatory headbutt)
a: no special abilities


You were on level 2 of the Dungeon.
You were a filthy swine.
You visited 1 branch of the dungeon, and saw 2 of its levels.

You collected 61 gold pieces.

Inventory:

Hand Weapons
 a - a +0 long sword (melded)
Armour
 b - a +0 scale mail (melded)
 c - a +0 buckler (melded)
Potions
 d - 5 potions of might
 e - 2 potions of brilliance


   Skills:
 + Level 4.2 Fighting
 + Level 2.7 Long Blades
 + Level 4.2 Armour
 + Level 4.1 Shields


You had 2 spell levels left.
You didn't know any spells.
Your spell library contained the following spells:

 Spells                   Type           Power      Damage    Failure   Level
 Blink                    Tloc           0%         N/A       63%         2
 Lesser Beckoning         Tloc           0%         N/A       63%         2
 Momentum Strike          Conj/Tloc      0%         3d8       63%         2


Dungeon Overview and Level Annotations

Branches:
Dungeon (2/15)

Altars:

Shops:
D:1 *

Annotations:
D:1 Dig
D:2 Terence


Innate Abilities, Weirdness & Mutations

You are a filthy swine.
You move quickly.
Your equipment is almost entirely melded.
You are incapable of wielding weapons or throwing items.
You cannot cast spells.
((You have a pair of horns on your head.))
((You reflexively headbutt those who attack you in melee.))


Message History

An adder comes into view.
The adder hisses angrily.
You hit the adder.
The adder is heavily wounded.
The adder bites you but does no damage. The adder bites you.
You miss the adder.
The adder is heavily wounded.
The adder bites you but does no damage. The adder completely misses you.
You furiously retaliate!
You headbutt the adder. You hit the adder.
You kill the adder!
You have reached level 3!
Your experience leads to an increase in your attributes!
Increase (S)trength, (I)ntelligence, or (D)exterity?
You feel agile. x2
HP restored.
You see here an adder corpse.
Terence the Incautious comes into view.
He is wielding a +0 mace of protection, wearing a +4 scale mail of fire resistance and carrying a wand of polymorph (6).
Terence shouts!
Terence is nearby!
Terence is nearby!
Terence zaps a wand.
You turn into a filthy swine.
Your +0 long sword melds into your body.
Your +0 buckler melds into your body.
Your +0 scale mail melds into your body.
Terence drinks a potion.
Terence goes berserk!
Terence hits you with a +0 mace of protection.
You hit Terence but do no damage. Terence misses you.
You hit Terence but do no damage. Terence completely misses you.
Terence hits you with a +0 mace of protection!
Terence attacks as you move away! Terence completely misses you.
Terence attacks as you move away!
Terence hits you with a +0 mace of protection!
* * * LOW HITPOINT WARNING * * *
Terence attacks as you move away! Terence misses you.
Your transformation is almost over.
It was a potion of curing.
You feel better. Terence misses you.
Terence hits you with a +0 mace of protection!!
Ouch! That really hurt!
You die...

#.# #.# ##
#.# .# #.#
.# #.# .#
#.# .# #.#
.# #@# .#
#h# .#
#..# #.#
.# #..#
#†# .#
#..# #.#
#######..#
#.#
.........#
#.#
....[....#
#.#
.........#
#.#
.........#
#.#


You could see Terence (berserk).

Vanquished Creatures
  An adder (D:2)
  A gnoll (D:1)
  2 ball pythons (D:1)
  3 bats
  A giant cockroach (D:1)
  3 hobgoblins
  3 jackals (D:2)
  A quokka (D:1)
  3 frilled lizards (D:1)
  A kobold (D:1)
19 creatures vanquished.

Notes
Turn   | Place    | Note
-------+----------+-------------------------------------------
     0 | D:1      | Peloso the Minotaur Fighter began the quest for the Orb.
     0 | D:1      | Reached XP level 1. HP: 19/19 MP: 0/0
    35 | D:1      | Reached XP level 2. HP: 27/27 MP: 1/1
    88 | D:1      | Found Yzogater's General Store.
   661 | D:2      | Reached XP level 3. HP: 30/33 MP: 2/2
   677 | D:2      | Noticed Terence
   691 | D:2      | Slain by Terence

Illustrated notes

Levels and vault maps discovered:
D:1:      mrwooster_arrival_statue_2, layout_basic, serial_shops, shop,
          corexii_leaking_fountain, due_unseen_surprise
D:2:      layout_basic, hangedman_decor_peaks_small, uniq_terence

Skill      XL: |  1  2 |
---------------+-------+-----
Armour         | 4 |  4.2
Fighting       | 4 |  4.2
Shields        | 4 |  4.1
Long Blades    | |  2.7

Action                     || total
---------------------------++-------
  Melee: Long sword        ||    51
         Headbutt          ||     6
         Unarmed           ||     2
    Use: Scroll            ||     3
         Potion            ||     2
 Armour: Scale mail        ||    40
  Dodge: Dodged            ||    32
  Block: Buckler           ||    21
